 Dungeon Crawl Stone Soup version 0.31.0-11-ge490571c62 (webtiles) character file.

Game seed: 5874468183647661109

93 qw the Shooter (level 4, 0/25 HPs)
             Began as a Deep Elf Hunter on Feb 4, 2024.
             Succumbed to their own poison gas
             ... on level 2 of the Dungeon.
             The game lasted 00:00:36 (1409 turns).

qw the Shooter (Deep Elf Hunter)                    Turns: 1409, Time: 00:00:36

Health: 0/25       AC:  8    Str: 10    XL:     4   Next: 37%
Magic:  6/6        EV: 11    Int: 14    God:
Gold:   53         SH:  0    Dex: 18    Spells: 3/3 levels left

rFire   . . .        a - +0 shortbow
rCold   . . .        (shield currently unavailable)
rNeg    . . .        j - +0 ring mail
rPois   .            d - +0 helmet
rElec   .            h - +0 cloak
rCorr   .            (no gloves)
SInv    .            b - +0 pair of boots
Will    .....        (no amulet)
Stlth   +            (no ring)
HPRegen 0.24/turn    (no ring)
MPRegen 0.10/turn

%: no passive effects
@: lethally poisoned (0 -> -3)
A: no striking features
a: no special abilities


You were on level 2 of the Dungeon.
You visited 1 branch of the dungeon, and saw 2 of its levels.

You collected 74 gold pieces.
You spent 21 gold pieces at shops.


   Skills:
 - Level 1.5 Fighting
 + Level 7.8 Ranged Weapons
 - Level 2.4 Dodging
 - Level 1.2 Stealth


You had 3 spell levels left.
You didn't know any spells.
Your spell library was empty.

Inventory:

Hand Weapons
 a - a +0 shortbow (weapon)
Armour
 b - a +0 pair of boots (worn)
 d - a +0 helmet (worn)
 h - a +0 cloak (worn)
 j - a +0 ring mail (worn)
Scrolls
 f - 2 scrolls of teleportation
Potions
 e - a potion of curing {unknown}
 l - a potion of degeneration {unknown}

Dungeon Overview and Level Annotations

Branches:
Dungeon (2/15)

Altars:

Shops:
D:1 :?!**


Message History

You hear a loud clanging noise!
It was a scroll of noise.
Partly explored, can't reach some places.
1400 ||| READING scroll labelled RAITTUMEFA.
As you read the scroll labelled RAITTUMEFA, it crumbles to dust.
It is a scroll of amnesia.
You feel forgetful for a moment.
Partly explored, can't reach some places.
1401 ||| READING scroll labelled MABRUU ECVUTER.
The air fills with toxic fumes!
As you read the scroll labelled MABRUU ECVUTER, it crumbles to dust.
It was a scroll of poison.
Partly explored, can't reach some places.
What level of the Dungeon? (default 2, ? - help) Sorry, I don't know how to get there.
Enter note:
Enter note:
Enter note:
Enter note:
Enter note:
Enter note:
Enter note:
Enter note:
Enter note: You are engulfed in poison gas.
You are poisoned.
You feel very sick.
1403 ||| Stepping ~*~*~tactically~*~*~ (cloud).
You feel very sick.
You see here a +0 leather armour.
There is a lethal amount of poison in your body!
You feel very sick.
There is a lethal amount of poison in your body!
You feel sick.
There is a lethal amount of poison in your body!
You feel sick.
There is a lethal amount of poison in your body!
You feel sick.
There is a lethal amount of poison in your body!
You feel sick.
There is a lethal amount of poison in your body!
You die... #.....##### #.....#...# #.....#.### ##.....#.### 77 ####.......# 077 .....###.### 77¤77 .....# #.### 70PP77 ####.###...# 77PPP7

.........### #0¤@¤#
#..........###¤¤00# ### ##
##.#..##.###0¤0¤¤0###.##########.
..........¤00¤#¤¤#¤..............
.....###.###0#¤¤¤0¤##.##########.
##....##.##0¤.¤¤¤####.# ##
#.......##¤..¤00¤....# #
##...#####.##¤#¤###### # #...#
#.##...# #


There were no monsters in sight!

Vanquished Creatures
  A gnoll (D:1)
  An adder (D:2)
  2 ribbon worms (D:2)
  3 dart slugs (D:1)
  7 endoplasms
  2 giant cockroaches (D:1)
  3 goblins
  2 hobgoblins
  8 jackals
  3 quokkas
  5 ball pythons
  6 bats
  6 frilled lizards
  6 kobolds
  6 rats
61 creatures vanquished.

Notes
Turn   | Place    | Note
-------+----------+-------------------------------------------
     0 | D:1      | qw the Deep Elf Hunter began the quest for the Orb.
     0 | D:1      | Reached XP level 1. HP: 12/12 MP: 3/3
     0 | D:1      | 0 ||| qw: Version: 0.3-a-160-g6735b56
     0 | D:1      | 0 ||| qw: Game counter: 5793
     0 | D:1      | 0 ||| qw: Melee chars always use a shield: true
     0 | D:1      | 0 ||| qw: God list: Okawaru
     0 | D:1      | 0 ||| qw: Allow faded altars: false
     0 | D:1      | 0 ||| qw: Do Orc after clearing Dungeon:15 true
     0 | D:1      | 0 ||| qw: Do second Lair branch before Depths: true
     0 | D:1      | 0 ||| qw: Lair rune preference: random
     0 | D:1      | 0 ||| qw: Goals: Normal
     0 | D:1      | 0 ||| PLANNING D:1-11
    74 | D:1      | Found Ywkaadoe's Assorted Antiques.
    91 | D:1      | 91 ||| BUYING red potion (21 gold).
    91 | D:1      | Bought a red potion for 21 gold pieces
    91 | D:1      | 91 ||| SHOPLISTING ring mail (96 gold, have 3).
    99 | D:1      | Reached skill level 6 in Ranged Weapons
    99 | D:1      | Reached XP level 2. HP: 16/16 MP: 4/4
   125 | D:1      | Found Qupeshec's Magic Scroll Emporium.
   190 | D:1      | 190 ||| SHOPLISTING scroll of enchant weapon (105 gold,
                  | have 10).
   190 | D:1      | 190 ||| SHOPLISTING scroll of identify (28 gold, have 10).
   190 | D:1      | 190 ||| SHOPLISTING scroll of teleportation (42 gold, have
                  | 10).
   233 | D:1      | Found Voatifei's Book Emporium.
   315 | D:1      | Reached XP level 3. HP: 17/20 MP: 5/5
   433 | D:1      | Reached skill level 7 in Ranged Weapons
   460 | D:1      | Found Epti's Distillery.
   463 | D:1      | 463 ||| SHOPLISTING 3 potions of mutation (288 gold, have
                  | 10).
   463 | D:1      | 463 ||| SHOPLISTING potion of heal wounds (60 gold, have
                  | 10).
   463 | D:1      | 463 ||| SHOPLISTING potion of might (48 gold, have 10).
   463 | D:1      | 463 ||| SHOPLISTING potion of mutation (96 gold, have 10).
   489 | D:1      | Found Suituoh's Assorted Antiques.
   497 | D:1      | 497 ||| SHOPLISTING fuming amethyst potion (20 gold, have
                  | 10).
   497 | D:1      | 497 ||| SHOPLISTING orange potion (20 gold, have 10).
   497 | D:1      | 497 ||| SHOPLISTING scroll labelled BUBISMUMUC (23 gold,
                  | have 10).
   497 | D:1      | 497 ||| SHOPLISTING scroll labelled DOENTI SERI (23 gold,
                  | have 10).
   497 | D:1      | 497 ||| SHOPLISTING scroll labelled RAITTUMEFA (23 gold,
                  | have 10).
   662 | D:1      | Found a faded altar of an unknown god.
   667 | D:1      | 667 ||| UPGRADING to +0 helmet.
   672 | D:1      | 672 ||| UPGRADING to +0 cloak.
   677 | D:1      | 677 ||| READING scroll labelled BAOZXEUCAA.
   682 | D:1      | 682 ||| READING scroll labelled UFAOBB BIBEDI.
   683 | D:1      | 683 ||| DROPPING scroll of butterflies.
   959 | D:2      | Reached XP level 4. HP: 25/25 MP: 6/6
  1383 | D:2      | 1383 ||| UPGRADING to +0 pair of boots.
  1388 | D:2      | 1388 ||| UPGRADING to +0 ring mail.
  1398 | D:2      | 1398 ||| DROPPING +0 leather armour.
  1399 | D:2      | 1399 ||| READING scroll labelled ZAFEKHL INTUTEN.
  1400 | D:2      | 1400 ||| READING scroll labelled RAITTUMEFA.
  1401 | D:2      | 1401 ||| READING scroll labelled MABRUU ECVUTER.
  1403 | D:2      | 1403 ||| Stepping ~*~*~tactically~*~*~ (cloud).
  1404 | D:2      | HP: 6/25 [poisoned by you (poison gas)]
  1407 | D:2      | HP: 2/25 [poisoned by you (poison gas)]
  1409 | D:2      | Succumbed to their own poison gas

Levels and vault maps discovered:
D:1:      minmay_arrival_four_houses, layout_basic,
          dreamdust_ecumenical_altar_angels_and_demons, serial_shops,
          nicolae_shop_peninsula, shop, nicolae_shop_window_shopping,
          nicolae_diamond_shop, nicolae_shop_gibbet_a_chance
D:2:      layout_loops_cross, uniq_crazy_yiuf_cottage

Skill      XL: |  1  2  3 |
---------------+----------+-----
Ranged Weapons | 6 7 |  7.8
Fighting       | |  1.5
Dodging        | |  2.4
Stealth        | |  1.2

Action                     |  1- 3 |  4- 6 || total
---------------------------+-------+-------++-------
   Fire: Shortbow          |   106 |    42 ||   148
    Use: Scroll            |     2 |     3 ||     5
 Armour: Leather armour    |    16 |     9 ||    25
  Dodge: Dodged            |    14 |     5 ||    19

Table legend:
 A = Non-vault XP
 B = Vault XP
 C = Vault XP percentage of total XP
 D = Non-vault monster count
 E = Vault monster count
 F = Vault count percentage of total count
                 A         B        C        D         E       F
            +---------+---------+-------+---------+---------+-------
      Total |     134 |       0 |   0.0 |      61 |       0 |   0.0
            +---------+---------+-------+---------+---------+-------
        D:1 |      78 |       0 |   0.0 |      37 |       0 |   0.0
        D:2 |      56 |       0 |   0.0 |      24 |       0 |   0.0
            +---------+---------+-------+---------+---------+-------
